[Event "Team 45 45 League T73"]
[Site "Internet Chess Club"]
[Date "2017.07.01"]
[Round "3"]
[White "bmw2002"]
[Black "julesraider"]
[Result "0-1"]
[WhiteElo "1523"]
[BlackElo "1580"]
[Opening "English opening"]
[ECO "A20"]
[Time "22:02:08"]
[TimeControl "2700+45"]

1. c4 e5 2. g3 Nc6 3. Bg2 f5 4. Nc3 Nf6 5. d3 Bb4 6. Nf3 O-O 7. O-O Bxc3 8. bxc3
d6 9. Qb3 Kh8 10. Bb2 Qe8 11. Rfe1 Qh5 12. e4 f4 13. Qd1 Bg4 14. d4 fxg3 15.
fxg3 Rae8 16. Qd3 Bh3 17. Qe2 Bg4 18. Qd3 Nd7 19. Rf1 Rf6 20. Nh4 Be2 21. Bf3
Rxf3 22. Qxe2 Rxg3+ 23. Kf2 Rf8+ 24. Ke1 Rxf1+ 25. Qxf1 Re3+ 26. Kd2 Rxe4 27.
Nf5 Qxh2+ 28. Kd3 Rf4 29. Qe2 e4+ 30. Ke3 Rf3+ 31. Kd2 Rf2 32. Re1 Rxe2+ 33.
Rxe2 Qf4+ 34. Ne3 Na5 35. Kc2 Qf3 36. Kd1 h5 37. Bc1 h4 38. Ke1 h3 39. Rf2 Qh1+
40. Rf1 Qh2 41. Ng4 Qg3+ 42. Nf2 e3 43. Bxe3 Qxe3+ {White resigns} 0-1

[Event "Team 45 45 League T73"]
[Site "Internet Chess Club"]
[Date "2017.07.02"]
[Round "3"]
[White "primerpaso"]
[Black "pishd"]
[Result "1-0"]
[WhiteElo "1836"]
[BlackElo "1760"]
[Opening "English opening"]
[ECO "D35"]
[Time "11:08:44"]
[TimeControl "2700+45"]

1. c4 e6 2. Nc3 d5 3. cxd5 exd5 4. d4 Nf6 5. g3 c6 6. Bg2 Bf5 7. Nf3 h6 8. Bf4
Bd6 9. Bxd6 Qxd6 10. O-O Nbd7 11. Rc1 O-O 12. Qb3 Rab8 13. e3 Rfe8 14. Rfe1 Ne4
15. Qd1 Qf6 16. Nxe4 Bxe4 17. Nd2 Bxg2 18. Kxg2 Qg6 19. Qc2 Qxc2 20. Rxc2 f5 21.
Nf3 g5 22. Rce2 Kf7 23. Nd2 Re6 24. f3 Nf6 25. Kf2 Rbe8 26. Nb3 Nd7 27. Nc1 Ke7
28. Nd3 Kd6 29. b4 b6 30. Rc2 a6 31. Rec1 Nb8 32. Ne5 Rxe5 33. dxe5+ Rxe5 34. a4
g4 35. fxg4 fxg4 36. Rd2 Nd7 37. Rd4 Nf6 38. Rf4 Ne4+ 39. Ke2 h5 40. Kd3 c5 41.
bxc5+ Nxc5+ 42. Ke2 Re4 43. Rxe4 dxe4 44. Rc4 Kd5 45. Rb4 Kc6 46. Kd2 a5 47. Rc4
b5 48. axb5+ Kxb5 49. Kc3 a4 50. Rb4+ Ka5 51. Kc4 Nd3 52. Rb5+ Ka6 53. Rxh5 Nb2+
54. Kb4 Nd1 55. Rh6+ Kb7 56. Re6 Nxe3 57. Rxe4 Nf1 58. Re2 Kc6 59. Kc4 Kb6 60.
Kd3 Ka5 61. Rf2 Kb4 62. Rxf1 Kb3 63. Ke4 {Black resigns} 1-0

[Event "Team 45 45 League T73"]
[Site "Internet Chess Club"]
[Date "2017.07.02"]
[Round "3"]
[White "servantofyhwh28"]
[Black "VictorRed"]
[Result "0-1"]
[WhiteElo "1558"]
[BlackElo "1703"]
[Opening "Philidor: exchange variation"]
[ECO "C41"]
[Time "08:01:05"]
[TimeControl "2700+45"]

1. e4 e5 2. Nf3 d6 3. d4 exd4 4. Nxd4 Nf6 5. Nc3 Be7 6. Bc4 O-O 7. O-O Nbd7 8.
Re1 Ne5 9. Be2 c5 10. Nf5 Bxf5 11. exf5 Qd7 12. f4 Nc6 13. Nd5 Nxd5 14. Qxd5 Bf6
15. c3 Ne7 16. Qf3 Nxf5 17. g4 Nh4 18. Qg3 Bd8 19. Bd3 Qc6 20. Kf2 c4 21. Bc2
Bb6+ 22. Be3 Ng6 23. h4 Rfe8 24. h5 Ne7 25. g5 Nd5 26. Bd4 Bxd4+ 27. cxd4 Qb6
28. Rad1 Qxb2 29. Rd2 Qc3 30. Qxc3 Nxc3 31. Bf5 Rxe1 32. Kxe1 Re8+ 33. Kf2 g6
34. hxg6 fxg6 35. Bc2 d5 36. Kf3 b5 37. f5 Ne4 {White resigns} 0-1

[Event "Team 45 45 League T73"]
[Site "Internet Chess Club"]
[Date "2017.07.02"]
[Round "3"]
[White "Andressa"]
[Black "Demachaeron"]
[Result "1/2-1/2"]
[WhiteElo "1433"]
[BlackElo "1523"]
[Opening "Scandinavian (center counter) defense"]
[ECO "B01"]
[Time "22:00:46"]
[TimeControl "2700+45"]

1. e4 d5 2. exd5 Qxd5 3. Nc3 Qa5 4. Nf3 Bg4 5. Be2 e6 6. O-O Nf6 7. h3 Bh5 8. d3
Nbd7 9. Bf4 Bd6 10. Qd2 O-O 11. Rfe1 Qb4 12. Bxd6 cxd6 13. Rab1 d5 14. a3 Qa5
15. d4 a6 16. Qe3 Qc7 17. Bd3 Rfe8 18. Ne5 Nf8 19. Ne2 Bg6 20. Nxg6 Nxg6 21.
Bxg6 hxg6 22. c3 Re7 23. Qe5 Qxe5 24. dxe5 Ne4 25. f3 Nd2 26. Rbd1 Nc4 27. f4
Nxb2 28. Rd4 Nc4 29. a4 Rc7 30. Kf2 Nb2 31. Rb1 Nc4 32. g4 Rb8 33. h4 Rc5 34.
Rd3 Ra5 35. Rb4 b5 36. axb5 Rbxb5 37. Nd4 Ra2+ 38. Ke1 Rb6 39. Rxb6 Nxb6 40. f5
Rg2 41. fxe6 fxe6 42. g5 Rg4 43. Nxe6 Rxh4 44. Re3 Nc4 45. Re2 Re4 46. Nc7 Rxe2+
47. Kxe2 Nxe5 48. Nxa6 Kf7 49. Nc7 Nc6 50. Nxd5 Ke6 51. Ne3 Ke5 52. Kf3 Nd8 53.
c4 Ne6 54. Kg4 Nf4 55. c5 Ne6 56. c6 Nc7 57. Ng2 Nd5 58. Nh4 Ne7 59. c7 Nc8
{Game drawn by mutual agreement} 1/2-1/2

[Event "Team 45 45 League T73"]
[Site "Internet Chess Club"]
[Date "2017.06.30"]
[Round "3"]
[White "kanishka"]
[Black "olivermx"]
[Result "1-0"]
[WhiteElo "1689"]
[BlackElo "1350"]
[Opening "Four knights: Scotch variation"]
[ECO "C47"]
[Time "11:00:29"]
[TimeControl "2700+45"]

1. e4 e5 2. Nf3 Nc6 3. Nc3 Nf6 4. d4 d6 5. Bb5 Bd7 6. O-O a6 7. Bxc6 Bxc6 8.
dxe5 dxe5 9. Nxe5 Bxe4 10. Qxd8+ Rxd8 11. Nxe4 Nxe4 12. Re1 f6 13. Nd3 Rd4 14.
f3 {Black resigns} 1-0

[Event "Team 45 45 League T73"]
[Site "Internet Chess Club"]
[Date "2017.07.02"]
[Round "3"]
[White "Fianchettoed"]
[Black "bobhill"]
[Result "1/2-1/2"]
[WhiteElo "1800"]
[BlackElo "1846"]
[Opening "Catalan: closed, 5.Nf3"]
[ECO "E06"]
[Time "15:21:30"]
[TimeControl "2700+45"]

1. d4 d5 2. c4 e6 3. Nf3 Be7 4. g3 Nf6 5. Bg2 O-O 6. O-O c6 7. b3 Nbd7 8. Nc3
Re8 9. Qc2 Bd6 10. Bb2 e5 11. dxe5 Nxe5 12. cxd5 cxd5 13. Rfd1 Be6 14. Rac1 Rc8
15. Qb1 Qa5 16. Nd4 Neg4 17. h3 Ne5 18. Ndb5 Bb8 19. Nd4 a6 20. e3 b5 21. Nce2
Bd6 22. Nxe6 fxe6 23. Nd4 Rxc1 24. Rxc1 Ba3 25. Nc6 Nxc6 26. Rxc6 Bxb2 27. Qxb2
Qe1+ 28. Kh2 h6 29. b4 Qd1 30. Qc2 Qe1 31. Qb2 Qd1 32. Qc2 Qe1 33. Qb2 {Game
drawn by repetition} 1/2-1/2

[Event "Team 45 45 League T73"]
[Site "Internet Chess Club"]
[Date "2017.07.01"]
[Round "3"]
[White "Gojira"]
[Black "bayoumicardio10"]
[Result "1-0"]
[WhiteElo "1606"]
[BlackElo "1476"]
[Opening "Queen's pawn: London system"]
[ECO "A45"]
[Time "16:08:24"]
[TimeControl "2700+45"]

1. d4 Nf6 2. Bf4 g6 3. e3 Bg7 4. Be2 O-O 5. h3 c5 6. c3 cxd4 7. exd4 d6 8. Nf3
Nc6 9. O-O d5 10. Nbd2 Bf5 11. Re1 Rc8 12. Bf1 Ne4 13. Nxe4 Bxe4 14. Ng5 Bf5 15.
Nf3 Na5 16. Qa4 Bd7 17. Qb4 a6 18. Qxe7 Qxe7 19. Rxe7 Bf5 20. Rae1 Bf6 21. R7e3
b5 22. Be5 Bxe5 23. Rxe5 Be4 24. Nd2 Nc6 25. Nxe4 Nxe5 26. Nf6+ Kg7 27. dxe5
Rfd8 28. Rd1 d4 29. Rc1 dxc3 30. bxc3 Rd2 31. a4 b4 32. Bxa6 Rxc3 33. Rb1 b3 34.
Ne4 Rc6 35. Bb5 Rdc2 36. Bxc6 b2 37. Kh2 Rxc6 38. Rxb2 {Black resigns} 1-0

[Event "Team 45 45 League T73"]
[Site "Internet Chess Club"]
[Date "2017.06.29"]
[Round "3"]
[White "bradleyguo175"]
[Black "crazyhorses"]
[Result "1-0"]
[WhiteElo "1664"]
[BlackElo "1379"]
[Opening "QGA, 4.e3"]
[ECO "D25"]
[Time "16:39:18"]
[TimeControl "2700+45"]

1. d4 d5 2. c4 dxc4 3. Nf3 Nf6 4. e3 a6 5. Bxc4 e6 6. O-O Be7 7. Qe2 O-O 8. e4
b5 9. Bd3 Bb7 10. Nc3 c5 11. dxc5 Bxc5 12. e5 Nd5 13. Bxh7+ Kxh7 14. Ng5+ {Black
resigns} 1-0

[Event "Team 45 45 League T73"]
[Site "Internet Chess Club"]
[Date "2017.06.30"]
[Round "3"]
[White "MartyJR"]
[Black "anishio"]
[Result "1/2-1/2"]
[WhiteElo "1443"]
[BlackElo "1556"]
[Opening "King's Indian: London system"]
[ECO "A45"]
[Time "21:00:44"]
[TimeControl "2700+45"]

1. d4 Nf6 2. Bf4 g6 3. Nf3 Bg7 4. e3 O-O 5. h3 d5 6. Bd3 c5 7. c3 Nc6 8. O-O Re8
9. Re1 Nh5 10. Bh2 e5 11. dxe5 Nxe5 12. Nxe5 Bxe5 13. Bxe5 Rxe5 14. Nd2 c4 15.
Bc2 Nf6 16. Nf3 Re8 17. Qd4 Be6 18. e4 dxe4 19. Bxe4 Qxd4 20. Nxd4 Nxe4 21. Rxe4
Bd5 22. Ree1 a6 23. a3 Kg7 24. Kh2 Be4 25. Re3 Bd3 26. Rae1 Kf8 27. Kg3 Rxe3+
28. Rxe3 Re8 29. Kf3 Rxe3+ 30. fxe3 Ke7 31. g3 Kd6 32. h4 b5 33. Kf4 f6 34. g4
Kd5 35. Nf3 h6 36. g5 fxg5+ 37. hxg5 h5 38. Nh4 {Game drawn by mutual agreement}
1/2-1/2

[Event "Team 45 45 League T73"]
[Site "Internet Chess Club"]
[Date "2017.07.02"]
[Round "3"]
[White "zap2"]
[Black "cadmiumorange"]
[Result "1/2-1/2"]
[WhiteElo "1711"]
[BlackElo "1791"]
[Opening "Scandinavian defense"]
[ECO "B01"]
[Time "09:00:36"]
[TimeControl "2700+45"]

1. e4 d5 2. exd5 Nf6 3. Nc3 Nxd5 4. Bc4 Nb6 5. Bb3 Nc6 6. Nf3 Bf5 7. a4 a5 8.
O-O e6 9. d4 Be7 10. Nb5 O-O 11. Qe2 Nb4 12. Bf4 Rc8 13. Rfd1 c6 14. Na3 N4d5
15. Bd2 Bf6 16. Ne5 Ra8 17. c4 Nb4 18. Be3 Qe7 19. g4 Bg6 20. Nxg6 hxg6 21. d5
exd5 22. Rd2 d4 23. Bf4 Qxe2 24. Rxe2 Rfe8 25. Rae1 Rxe2 26. Rxe2 {Game drawn by
mutual agreement} 1/2-1/2

[Event "Team 45 45 League T73"]
[Site "Internet Chess Club"]
[Date "2017.06.30"]
[Round "3"]
[White "PolishRyszard"]
[Black "idjit"]
[Result "1-0"]
[WhiteElo "1807"]
[BlackElo "1634"]
[Opening "Nimzo-Indian: Spielmann variation"]
[ECO "E22"]
[Time "11:13:13"]
[TimeControl "2700+45"]

1. d4 Nf6 2. c4 e6 3. Nc3 Bb4 4. Qb3 Bxc3+ 5. Qxc3 Ne4 6. Qc2 f5 7. Nh3 O-O 8.
f3 Nf6 9. e3 c5 10. Bd2 cxd4 11. exd4 Nc6 12. Bc3 b6 13. O-O-O d5 14. Nf4 Qd6
15. Qd2 Ba6 16. c5 {Black resigns} 1-0

[Event "Team 45 45 League T73"]
[Site "Internet Chess Club"]
[Date "2017.06.30"]
[Round "3"]
[White "watkins"]
[Black "liujf"]
[Result "0-1"]
[WhiteElo "1471"]
[BlackElo "1628"]
[Opening "English, 1...Nf6 (Anglo-Indian defense)"]
[ECO "A15"]
[Time "11:36:59"]
[TimeControl "2700+45"]

1. c4 Nf6 2. g3 g6 3. Bg2 Bg7 4. e3 d5 5. cxd5 Nxd5 6. d4 O-O 7. Ne2 Bg4 8. Qb3
c6 9. Qxb7 Nb6 10. Qxa8 Nxa8 {White resigns} 0-1

[Event "Team 45 45 League T73"]
[Site "Internet Chess Club"]
[Date "2017.07.01"]
[Round "3"]
[White "Xbug"]
[Black "drsigmund1"]
[Result "1/2-1/2"]
[WhiteElo "1161"]
[BlackElo "1413"]
[Opening "Queen's pawn: Keres defense"]
[ECO "A40"]
[Time "13:00:52"]
[TimeControl "2700+45"]

1. d4 e6 2. c4 b6 3. Nc3 Bb7 4. Nf3 Bb4 5. Bd2 f5 6. a3 Bxc3 7. Bxc3 Nf6 8. e3
Ne4 9. Qc2 O-O 10. Bd3 d6 11. Nd2 Nxc3 12. Qxc3 Bxg2 13. Rg1 Bb7 14. d5 e5 15.
f3 Qh4+ 16. Kd1 Qxh2 17. Kc2 Nd7 18. f4 Rae8 19. Rh1 Qf2 20. Rae1 Rf6 21. Rhf1
Qh4 22. Rh1 Qf2 23. Rhf1 Qh2 24. Rh1 Qg3 25. Rhg1 Qh2 26. Rh1 Qg2 27. Rhg1 Qf2
28. Rgf1 {Game drawn by repetition} 1/2-1/2

[Event "Team 45 45 League T73"]
[Site "Internet Chess Club"]
[Date "2017.06.29"]
[Round "3"]
[White "JSCOL"]
[Black "hood"]
[Result "1/2-1/2"]
[WhiteElo "2069"]
[BlackElo "1999"]
[Opening "Polish (Sokolsky) opening"]
[ECO "A00"]
[Time "18:33:58"]
[TimeControl "2700+45"]

1. b4 e5 2. Bb2 Bxb4 3. Bxe5 Nf6 4. Nc3 c6 5. a3 Be7 6. Nf3 d5 7. e3 O-O 8. Bd3
Nbd7 9. Bg3 Nh5 10. Nd4 g6 11. Nf5 Nxg3 12. Nxe7+ Qxe7 13. hxg3 d4 14. Ne2 dxe3
15. dxe3 Ne5 16. Qb1 Rd8 17. Nf4 Bg4 18. Qb4 Rd6 19. Be2 Bxe2 20. Kxe2 a5 21.
Qc3 b5 22. Rhd1 Rxd1 23. Rxd1 a4 24. Rd4 Nc4 25. Nd3 Rc8 26. Nb4 c5 27. Nd5 Qe5
28. Rd3 Kg7 29. Qxe5+ Nxe5 30. Rc3 {Game drawn by mutual agreement} 1/2-1/2

[Event "Team 45 45 League T73"]
[Site "Internet Chess Club"]
[Date "2017.06.29"]
[Round "3"]
[White "gomeschess"]
[Black "f5"]
[Result "1/2-1/2"]
[WhiteElo "2069"]
[BlackElo "2029"]
[Opening "Sicilian: Grand Prix attack"]
[ECO "B23"]
[Time "22:34:12"]
[TimeControl "2700+45"]

1. e4 c5 2. Nc3 Nc6 3. f4 g6 4. Nf3 Bg7 5. Bc4 d6 6. d3 e6 7. O-O Nge7 8. Kh1 a6
9. a4 Nd4 10. Nxd4 cxd4 11. Ne2 d5 12. Bb3 O-O 13. Ng3 Kh8 14. Qe2 Re8 15. Bd2
a5 16. Qf3 b6 17. Rae1 dxe4 18. Nxe4 Ra7 19. Qh3 Ng8 20. Re2 Nf6 21. Ng5 Kg8 22.
Rfe1 Rae7 23. Nf3 Bb7 24. Ne5 Bd5 25. Nc4 Qc7 26. Qh4 h5 27. f5 Bxc4 28. Bxc4
exf5 29. Bf4 Qd8 30. Qf2 Rxe2 31. Rxe2 Rxe2 32. Qxe2 Nd5 33. Bxd5 Qxd5 34. h3
Qc6 35. b3 b5 36. axb5 Qxb5 37. Qe7 a4 38. bxa4 Qxa4 39. Qc7 Qe8 40. Kh2 g5 41.
Bd6 Bf6 42. Qb8 Qxb8 43. Bxb8 h4 44. Kg1 Kf8 45. Kf2 Ke7 46. Kf3 Ke6 47. Ba7 Be5
48. Bc5 f6 49. Bb4 Kf7 50. Bd2 Kg6 51. Bc1 Kh5 52. Kf2 g4 53. Ke2 Kg6 54. Kf2
Kf7 55. Ke2 Ke6 56. Bd2 Kd5 57. Be1 g3 58. Bb4 Bd6 59. c4+ dxc3 60. Bxc3 Be5 61.
Bb4 f4 62. Bd2 Kd4 63. Bb4 f3+ 64. Kxf3 Kxd3 65. Bc5 Bc3 66. Kg4 Ke4 67. Kxh4
Be5 68. Kg4 f5+ 69. Kg5 Bf4+ 70. Kg6 Bd2 71. h4 f4 72. h5 Be3 73. Bxe3 Kxe3 74.
h6 f3 75. h7 fxg2 76. h8=Q g1=Q 77. Qe5+ Kf3 78. Qd5+ Kf2 79. Qd2+ Kf1 80. Qd3+
Ke1 81. Qb1+ Kf2 82. Qc2+ Kf1 83. Qd3+ Kg2 84. Qe4+ Kh2 85. Qh4+ Kg2 {Game drawn
by mutual agreement} 1/2-1/2

[Event "Team 45 45 League T73"]
[Site "Internet Chess Club"]
[Date "2017.06.30"]
[Round "3"]
[White "samit"]
[Black "Heian"]
[Result "1-0"]
[WhiteElo "1526"]
[BlackElo "1656"]
[Opening "Queen's pawn"]
[ECO "A40"]
[Time "19:00:49"]
[TimeControl "2700+45"]

1. d4 e6 2. Bf4 d5 3. e3 Bd6 4. Bg3 f5 5. Nf3 Nf6 6. Ne5 O-O 7. Nd2 c6 8. Bh4
Nbd7 9. Ndf3 Qc7 10. Bg3 Ne4 11. Bf4 Nxe5 12. Nxe5 g5 13. Bg3 f4 14. exf4 gxf4
15. Qg4+ Qg7 16. Qxg7+ Kxg7 17. Bh4 Bxe5 18. dxe5 Rf5 19. f3 Ng5 20. O-O-O Rxe5
21. Bd3 c5 22. g3 Nxf3 23. gxf4 Rh5 24. Be7 c4 25. Be2 Rh3 26. Rdf1 Nd4 27. Bg4
Rh6 28. Bg5 Rg6 29. Bh5 Bd7 30. c3 Nf5 31. Bxg6 hxg6 32. h4 b5 33. h5 gxh5 34.
Rfg1 Kg6 35. Be7+ Kf7 36. Bc5 h4 37. Bf2 Rh8 38. Bxa7 Ra8 39. Bf2 Rxa2 40. Kb1
Ra8 41. Bxh4 Nxh4 42. Rxh4 Kf6 43. Rg5 Ke7 44. Rg7+ Kd6 45. Rhh7 Bc6 46. Rh6 Rf8
47. Rgg6 Bd7 48. Rh4 Rf7 49. Kc2 Rf5 50. Kd2 Be8 51. Rg8 Bd7 52. Ke3 e5 53. Rg6+
Be6 54. Rhh6 exf4+ 55. Kf3 Re5 56. Kxf4 Re4+ 57. Kf3 Kd7 58. Rg7+ Kd6 59. Rb7
Kc6 60. Rhh7 Bg4+ 61. Kg3 Kd6 62. Rxb5 Bf5 63. Rh6+ Ke5 64. Rb8 Be6 65. Rb6 Kf5
66. Rh5+ Kf6 67. Rxd5 Re2 68. Rc5 Re1 69. Rxc4 Rg1+ 70. Kf2 Rg5 71. Rcc6 Rf5+
72. Ke2 Re5+ 73. Kd2 Rd5+ 74. Kc2 Re5 75. Rxe6+ Rxe6 76. Rxe6+ Kxe6 77. b4 Kd5
78. Kd3 Kc6 79. c4 Kb6 80. Kd4 Kc6 81. b5+ Kb6 82. Kd5 Kc7 83. c5 Kd7 84. b6 Kc8
85. Kd6 Kb7 86. Kd7 Kb8 87. c6 Ka8 88. c7 Kb7 89. c8=Q+ Kxb6 90. Qc4 Ka5 91. Qb3
Ka6 92. Kc6 Ka7 93. Qb7# {Black checkmated} 1-0

[Event "Team 45 45 League T73"]
[Site "Internet Chess Club"]
[Date "2017.07.02"]
[Round "3"]
[White "Froggy"]
[Black "Dreamshell"]
[Result "1-0"]
[WhiteElo "2026"]
[BlackElo "1875"]
[Opening "Queen's pawn, Mason variation, Steinitz counter-gambit"]
[ECO "D00"]
[Time "16:00:34"]
[TimeControl "2700+45"]

1. d4 d5 2. Bf4 c5 3. e3 Nc6 4. c3 Nf6 5. Nd2 cxd4 6. exd4 Bg4 7. Qb3 Na5 8.
Qa4+ Bd7 9. Qc2 e6 10. Ngf3 a6 11. Bd3 Be7 12. h3 Bb5 13. Bxb5+ axb5 14. Qd3 Qb6
15. Ne5 Nc4 16. Ndxc4 bxc4 17. Qc2 O-O 18. O-O Rfc8 19. Bg5 Qd6 20. Bf4 b5 21.
a3 Qd8 22. Rae1 Ra6 23. g4 Ne4 24. Qe2 Bd6 25. Bh2 Qh4 26. Kg2 Ng5 27. Qe3 f6
28. Bf4 Bxe5 29. Bxg5 Qxg5 30. Qxg5 fxg5 31. Rxe5 h6 32. Rfe1 Kf7 33. Kg3 Rc7
34. h4 gxh4+ 35. Kxh4 Kf6 36. f4 Rd7 37. g5+ hxg5+ 38. fxg5+ Kf7 39. Kh5 Rb6 40.
Rf1+ Ke7 41. Kg6 Kd6 42. Rf8 Rbb7 43. Re2 Re7 44. Kh7 e5 45. dxe5+ Ke6 46. g6
Rbd7 47. Rb8 Kf5 48. e6 Rxe6 49. Rf8+ Rf6 50. Rf2+ Kg5 51. R8xf6 gxf6+ 52. g7 f5
53. Kh8 Rd8+ 54. g8=Q+ Rxg8+ 55. Kxg8 f4 56. Kf7 Kg4 57. Ke6 Kg3 58. Rd2 f3 59.
Kxd5 f2 60. Rxf2 Kxf2 61. Kc5 {Black resigns} 1-0

[Event "Team 45 45 League T73"]
[Site "Internet Chess Club"]
[Date "2017.07.03"]
[Round "3"]
[White "gera-carp75"]
[Black "Freitac"]
[Result "0-1"]
[WhiteElo "1810"]
[BlackElo "1966"]
[Opening "Sicilian defense"]
[ECO "B44"]
[Time "17:55:05"]
[TimeControl "2700+45"]

1. e4 c5 2. Nf3 e6 3. d4 cxd4 4. Nxd4 Nc6 5. Nxc6 bxc6 6. Bd3 Nf6 7. O-O d5 8.
Nd2 Qc7 9. c4 Bd6 10. h3 O-O 11. Qc2 Bb7 12. b3 Bh2+ 13. Kh1 Be5 14. Rb1 c5 15.
exd5 exd5 16. Nf3 dxc4 17. Qxc4 Bxf3 18. gxf3 Rad8 19. Qb5 a6 {White resigns}
0-1

[Event "Team 45 45 League T73"]
[Site "Internet Chess Club"]
[Date "2017.06.29"]
[Round "3"]
[White "LobowolfXXX"]
[Black "Bryant-L"]
[Result "0-1"]
[WhiteElo "1845"]
[BlackElo "1702"]
[Opening "English: Sicilian reversed"]
[ECO "A25"]
[Time "17:01:46"]
[TimeControl "2700+45"]

1. c4 e5 2. Nc3 Nc6 3. e3 f5 4. h3 Nf6 5. Qc2 d5 6. cxd5 Nxd5 7. a3 Be7 8. Nf3
Nxc3 9. dxc3 O-O 10. b4 Bf6 11. Bb2 Be6 12. Be2 a5 13. b5 Ne7 14. c4 Ng6 15. Rd1
Qe7 16. c5 a4 17. Bc4 f4 18. exf4 e4 19. Bxf6 Rxf6 20. Bxe6+ Qxe6 21. Nd4 Qe7
22. g3 Raf8 23. Qxa4 e3 24. Qb3+ Kh8 25. fxe3 Qe4 26. O-O Re8 27. Rde1 Ne7 28.
Nf3 Nf5 29. Kf2 h6 30. g4 Ne7 31. Rd1 Ng6 32. Rd4 Qe7 33. Qc3 Re6 34. Re1 Nh4
35. Ne5 Rxe5 36. fxe5 Qxe5 37. Ke2 Ng2 38. Rd3 Nf4+ 39. Kd2 Nxd3 40. Kxd3 Qd5+
41. Kc2 Qe4+ 42. Kc1 Qa4 43. Qb4 Qxb4 44. axb4 Re4 45. Kc2 Rxb4 46. Kc3 Rxb5 47.
Kc4 c6 48. Rd1 Rb2 49. Rd7 Rh2 50. Rxb7 Rxh3 51. Kd4 Rg3 52. Rc7 Rxg4+ 53. e4
Rg6 54. Rd7 h5 55. Rd6 Kh7 56. Kc4 h4 57. Rd2 Re6 58. Kd4 g5 59. e5 Kg6 60. Ke4
g4 61. Kf4 g3 62. Kg4 Rxe5 63. Kxh4 Rxc5 64. Kxg3 Kf5 65. Re2 Rd5 66. Kf2 Rd4
67. Ke1 Re4 68. Rxe4 Kxe4 69. Ke2 Kd4 70. Kd2 Kc4 71. Kc2 c5 {White resigns} 0-1

[Event "Team 45 45 League T73"]
[Site "Internet Chess Club"]
[Date "2017.07.01"]
[Round "3"]
[White "kanishka"]
[Black "charles-allen"]
[Result "0-1"]
[WhiteElo "1702"]
[BlackElo "1869"]
[Opening "Petrov three knights game"]
[ECO "C42"]
[Time "09:03:31"]
[TimeControl "2700+45"]

1. e4 e5 2. Nf3 Nf6 3. Nc3 Bb4 4. Bd3 Nc6 5. a3 Bxc3 6. dxc3 d5 7. Qe2 dxe4 8.
Bxe4 Nxe4 9. Qxe4 Qf6 10. Bg5 Qg6 11. Qxg6 hxg6 12. O-O-O f6 13. Be3 Kf7 14. h3
Be6 15. b3 Ne7 16. c4 Nf5 17. Bd2 a5 18. Bc3 a4 19. Kb2 c6 20. Bxe5 fxe5 21.
Nxe5+ Kf6 22. Nd7+ Bxd7 23. Rxd7 Rhd8 24. Rxb7 axb3 25. Rxb3 Nd6 26. Rf3+ Kg5
27. Rg3+ Kh6 28. Rg4 Rdb8+ 29. Ka2 Ra4 30. c5 Nc4 31. Rg3 Rb2+ 32. Ka1 Rxc2 33.
Re1 Nxa3 34. Re6 Nc4+ 35. Kb1 Rb2+ 36. Kc1 Ra1# {White checkmated} 0-1

[Event "Team 45 45 League T73"]
[Site "Internet Chess Club"]
[Date "2017.07.02"]
[Round "3"]
[White "Tobiasdelmonte"]
[Black "Darshukarpov"]
[Result "0-1"]
[WhiteElo "1591"]
[BlackElo "1482"]
[Opening "Nimzo-Indian: classical, 4...Nc6"]
[ECO "E33"]
[Time "12:01:09"]
[TimeControl "2700+45"]

1. d4 Nf6 2. c4 e6 3. Nc3 Bb4 4. Qc2 Nc6 5. Nf3 O-O 6. a3 Be7 7. e4 d6 8. Bd3 e5
9. O-O exd4 10. Nb5 Ne5 11. Nbxd4 Nxd3 12. Qxd3 Re8 13. Bg5 Nxe4 14. Bxe7 Rxe7
15. Rfe1 Nc5 16. Qc2 Bd7 17. b4 Rxe1+ 18. Rxe1 Ne6 19. Nf5 Qf6 20. h3 Nf4 21.
Ne7+ Kh8 22. Qe4 c6 {Anonymous or guest player White disconnected and forfeits}
0-1

[Event "Team 45 45 League T73"]
[Site "Internet Chess Club"]
[Date "2017.06.30"]
[Round "3"]
[White "ears"]
[Black "backrankbrawler"]
[Result "0-1"]
[WhiteElo "1791"]
[BlackElo "1742"]
[Opening "Catalan: closed, 5.Nf3"]
[ECO "E06"]
[Time "21:12:36"]
[TimeControl "2700+45"]

1. d4 Nf6 2. c4 e6 3. Nf3 d5 4. g3 Be7 5. Bg2 O-O 6. O-O c6 7. Nc3 Nbd7 8. b3
Nb6 9. Ne5 Nbd7 10. Nf3 Bd6 11. Bb2 Re8 12. e3 dxc4 13. bxc4 e5 14. Re1 exd4 15.
exd4 Nf8 16. Qc2 Be6 17. Ne4 Bf5 18. Nh4 Bg6 19. Nxf6+ Qxf6 20. Nxg6 Qxg6 21.
Qxg6 Nxg6 22. Bc3 h5 23. h4 Rac8 24. a4 Kf8 25. Bf3 Ne7 26. Bxh5 c5 27. d5 b6
28. Ra2 Nf5 29. Bg4 Rxe1+ 30. Bxe1 Re8 31. Re2 Nd4 32. Rxe8+ Kxe8 33. Bd1 f5 34.
Bd2 Kd7 35. Kf1 a6 36. Be3 Be5 37. Ke1 Kd6 38. Kd2 b5 39. f4 Bf6 40. axb5 axb5
41. cxb5 Nxb5 42. Bb3 Nc3 43. Kd3 Nxd5 44. Bxd5 Kxd5 45. Bf2 c4+ 46. Ke2 Ke4 47.
Bc5 Bb2 {White resigns} 0-1

[Event "Team 45 45 League T73"]
[Site "Internet Chess Club"]
[Date "2017.06.29"]
[Round "3"]
[White "rookbattery"]
[Black "cap78red"]
[Result "1-0"]
[WhiteElo "1593"]
[BlackElo "1390"]
[Opening "Alekhine's defense: modern, Larsen variation"]
[ECO "B04"]
[Time "14:00:20"]
[TimeControl "2700+45"]

1. e4 Nf6 2. e5 Nd5 3. d4 d6 4. Nf3 dxe5 5. Nxe5 c6 6. Be2 Nd7 7. Nf3 e6 8. O-O
Bd6 9. c4 Nf4 10. Nc3 O-O 11. Be3 Nxe2+ 12. Qxe2 Nf6 13. Rad1 Qc7 14. Bg5 Ng4
15. h3 Nh2 16. c5 Nxf3+ 17. Qxf3 Be7 18. Bf4 Qd8 19. Rfe1 Bg5 20. Ne4 Bxf4 21.
Qxf4 a5 22. Qd6 Bd7 23. Rd3 f5 24. Ng5 Qxg5 25. Qxd7 Rae8 26. Qxb7 f4 27. Qxc6
e5 28. Qd5+ Kh8 29. Rxe5 Rxe5 30. dxe5 h6 31. e6 Rf5 32. Qd8+ Kh7 33. Qxg5 hxg5
34. c6 Re5 35. c7 Rxe6 36. c8=Q Re1+ 37. Kh2 {Black resigns} 1-0

[Event "Team 45 45 League T73"]
[Site "Internet Chess Club"]
[Date "2017.07.04"]
[Round "3"]
[White "jjimalo"]
[Black "SlimeDog2"]
[Result "1/2-1/2"]
[WhiteElo "1742"]
[BlackElo "2036"]
[Opening "Neo-Grünfeld, 6.O-O c6"]
[ECO "D78"]
[Time "03:00:12"]
[TimeControl "2700+45"]

1. d4 Nf6 2. Nf3 g6 3. c4 Bg7 4. g3 d5 5. Bg2 O-O 6. O-O c6 7. Nc3 dxc4 8. a4 c5
9. dxc5 Nc6 10. a5 e5 11. Qa4 Qe7 12. Qxc4 Be6 13. Qa4 Qxc5 14. Be3 Qe7 15. a6
Ng4 16. Bg5 f6 17. axb7 Qxb7 18. Bd2 Rac8 19. h3 Nh6 20. Nb5 Rfd8 21. Bc3 a6 22.
Na3 Bb3 23. Qe4 Bd5 24. Qa4 Bb3 25. Qe4 Bd5 26. Qa4 Nd4 27. Bxd4 exd4 28. b4 d3
29. Nh4 dxe2 30. Rfe1 f5 31. Bxd5+ Qxd5 32. Rab1 Qa2 33. Qxa6 Re8 34. Ng2 Bc3
35. Nf4 Bxe1 36. Rxe1 Ra8 37. Qc4+ Qxc4 38. Nxc4 Ra2 39. b5 Nf7 40. b6 Ne5 41.
Nxe5 Rxe5 42. h4 Rb2 43. Nd3 Reb5 44. Nxb2 Rxb2 45. b7 Rxb7 46. Rxe2 Kf7 47. Kg2
Kf6 48. f4 {Game drawn by mutual agreement} 1/2-1/2

[Event "Team 45 45 League T73"]
[Site "Internet Chess Club"]
[Date "2017.07.02"]
[Round "3"]
[White "passedpawn"]
[Black "kllrchris"]
[Result "0-1"]
[WhiteElo "1844"]
[BlackElo "1700"]
[Opening "Sicilian: dragon, Yugoslav attack, Rauser variation"]
[ECO "B76"]
[Time "15:14:09"]
[TimeControl "2700+45"]

1. e4 c5 2. Nf3 d6 3. d4 cxd4 4. Nxd4 Nf6 5. Nc3 g6 6. Be3 Bg7 7. f3 O-O 8. Qd2
Nc6 9. O-O-O d5 10. exd5 Nxd5 11. Nxc6 bxc6 12. Bd4 Nxc3 13. Qxc3 Bh6+ 14. Be3
Bxe3+ 15. Qxe3 Qb6 16. Qxe7 Be6 17. Qa3 Rad8 18. Be2 Qf2 19. Bd3 Rd5 20. Rd2 Qb6
21. Rhd1 Ra5 22. Qc3 Rxa2 23. b3 Ra5 24. Kb1 Rc5 25. Qd4 Rb8 26. Qa4 Ra5 27. Qf4
Bxb3 28. cxb3 Qxb3+ 29. Kc1 Ra1+ {White resigns} 0-1